 Dungeon Crawl Stone Soup version 0.20.1-1-g8b1a95d (webtiles) character file.

189 vatarom the Gusty (level 5, -2/42 HPs)
             Began as a Draconian Air Elementalist on Oct 14, 2017.
             Killed by divine providence
             ... invoked by an orc priest
              (9 damage)
             ... on level 3 of the Dungeon.
             The game lasted 00:08:38 (3390 turns).

vatarom the Gusty (Draconian Air Elementalist)      Turns: 3390, Time: 00:08:39

Health: -2/42      AC:  5    Str: 10    XL:     5   Next: 40%
Magic:  2/9        EV: 17    Int: 16    God:
Gold:   155        SH:  0    Dex: 17    Spells: 3/9 levels left

rFire    . . .     SeeInvis .   i - +2 dagger
rCold    . . .     Gourm    .   (no shield)
rNeg     + . .     Faith    .   (armour unavailable)
rPois    .         Spirit   .   (helmet restricted)
rElec    .         Reflect  .   (no cloak)
rCorr    .         Harm     .   (no gloves)
MR       .....                  (no boots)
Stlth    +++.......             (no amulet)
Regen    0.2/turn               d - ring of positive energy
MPRegen  0.2/turn               (no ring)

@: agile
A: unfitting armour, cold-blooded, AC +5
a: no special abilities


You were on level 3 of the Dungeon.
You were hungry.

You visited 1 branch of the dungeon, and saw 3 of its levels.

You collected 155 gold pieces.

Inventory:

Hand Weapons
 i - a +2 dagger (weapon)
Armour
 j - a +0 cloak
Jewellery
 d - a ring of positive energy (left hand)
Scrolls
 c - 2 scrolls of remove curse
Potions
 h - a potion of agility
Books
 a - a book of Air

   Spells                             Type                      Level
   a - Shock                          Conjuration/Air              1
   b - Swiftness                      Charms/Air                   2
   c - Static Discharge               Conjuration/Air              3
   d - Airstrike                      Air                          4
   e - Lightning Bolt                 Conjuration/Air              5
Comestibles
 b - 4 bread rations
 f - a fruit
 g - a royal jelly
 k - a meat ration


   Skills:
 + Level 2.5 Fighting
 - Level 1.7 Dodging
 - Level 1.7 Stealth
 + Level 2.8 Spellcasting
 + Level 2.3 Conjurations
 * Level 4.5 Air Magic


You had 3 spell levels left.
You knew the following spells:

 Your Spells              Type           Power        Failure   Level  Hunger
a - Shock                 Conj/Air       ##..         4%          1    #......
b - Swiftness             Chrm/Air       #.......     12%         2    ##.....
c - Static Discharge      Conj/Air       ##......     14%         3    ###....


Dungeon Overview and Level Annotations

Branches:
Dungeon (3/15)

Altars:
Okawaru


Innate Abilities, Weirdness & Mutations

Your plain brown scales are hard. (AC +5)
You cannot fit into any form of body armour.
You are cold-blooded and may be slowed by cold attacks.


Message History

You closely miss the orc priest.
You tail-slap the orc priest, but do no damage.
The orc priest is heavily wounded.
The orc priest closely misses you.
Casting: Static Discharge
Confirm with . or Enter, or press ? or * to list all spells.
Aiming: Shock
Press: ? - help, Shift-Dir - straight line, f/p - orc priest
Aim: an orc priest, wielding a trident and wearing a ring mail (heavily wounded)
The zap hits the orc priest.
The orc priest is severely wounded.
The orc priest completely misses you.
Things that are here:
a short sword; a kobold corpse The orc priest hits you from afar with a trident.
* * * LOW HITPOINT WARNING * * *
The orc priest looks encouraged for a moment.
The orc priest calls down the wrath of Beogh upon you.
Beogh smites you!
You die...

.....# #.# ####.#
###############.#
#.###########.............#.#
#...........#..##########.#.## #
###########.#.8.## #.#... ##
...............## #.#.##
.##.##########.8...8.## #.#.#
..#.# #.........### #.#.#
♣...#########...@<....#.####.#.#
♣♣....##..............#.#.##.#.#
......##.####..8...8..#.#.##.#.#
....(.##...o........#.#....#.#.#
....÷.##.o###.##.8....#.#..#.#.#
......##....#.###.###.#.#....#.#
....♣o#o......# #.###..........#
...♣♣)#.##..#####.......#..#.###
....♣......................#.####


You could see an orc priest.

Vanquished Creatures
  An orc wizard (D:3)
  A gnoll (D:1)
  7 adders
  3 worms (D:2)
  A dart slug (D:2)
  3 leopard geckos (D:1)
  4 orcs (D:3)
  2 giant cockroaches
  5 hobgoblins
  5 jackals
  9 kobolds
  2 quokkas
  11 bats
  8 frilled lizards
  8 goblins
  8 rats
78 creatures vanquished.

Notes
Turn   | Place    | Note
-------+----------+-------------------------------------------
     0 | D:1      | vatarom the Draconian Air Elementalist began the quest for the Orb.
     0 | D:1      | Reached XP level 1. HP: 14/14 MP: 3/3
   214 | D:1      | Reached XP level 2. HP: 15/20 MP: 3/5
   388 | D:1      | Learned a level 2 spell: Swiftness
   542 | D:1      | Reached XP level 3. HP: 10/27 MP: 2/6
   679 | D:1      | Learned a level 3 spell: Static Discharge
   767 | D:1      | Reached skill level 1 in Fighting
  1439 | D:2      | Reached XP level 4. HP: 31/35 MP: 1/7
  1503 | D:2      | Found an iron altar of Okawaru.
  1902 | D:2      | Reached skill level 4 in Air Magic
  2648 | D:3      | Reached XP level 5. HP: 28/41 MP: 5/9
  2680 | D:2      | HP: 2/42 [poisoned by an adder]
  3390 | D:3      | Killed from afar by an orc priest

Skill      XL: |  1  2  3  4 |
---------------+-------------+-----
Conjurations   | 2 |  2.3
Fighting       | 1 2 |  2.5
Air Magic      | 4 |  4.5
Dodging        | |  1.7
Stealth        | |  1.7
Spellcasting   | |  2.8

Action                   |  1- 3 |  4- 6 || total
-------------------------+-------+-------++-------
Melee: Unarmed           |    33 |       ||    33
       Tailslap          |     7 |     3 ||    10
       Club              |    11 |       ||    11
       Dagger            |    21 |    29 ||    50
 Cast: Shock             |    61 |    92 ||   153
       Static Discharge  |       |     4 ||     4
  Use: Scroll            |     3 |     5 ||     8
       Potion            |       |     4 ||     4
  Eat: Chunk             |     3 |     5 ||     8
       Fruit             |       |     1 ||     1
Armor: Skin              |    38 |    25 ||    63
Dodge: Dodged            |    74 |    58 ||   132
